 Dungeon Crawl Stone Soup version 0.20.0-15-g7f486f2 (webtiles) character file.

1095 Hook the Charmwright (level 8, -1/66 HPs)
             Began as a Black Draconian Skald on June 26, 2017.
             Was a Follower of Makhleb.
             Slain by Pikel
             ... wielding a +0 whip of freezing
              (4 damage)
             ... on level 7 of the Dungeon.
             The game lasted 00:20:08 (5427 turns).

Hook the Charmwright (Black Draconian Skald)        Turns: 5427, Time: 00:20:09

Health: -1/66      AC:  9    Str: 19    XL:     8   Next: 10%
Magic:  7/16       EV: 13    Int: 16    God:    Makhleb [*.....]
Gold:   318        SH:  0    Dex: 12    Spells: 5/16 levels left

rFire    . . .     SeeInvis .   a - +1 mace
rCold    . . .     Gourm    .   (no shield)
rNeg     . . .     Faith    .   (armour unavailable)
rPois    .         Spirit   .   (helmet restricted)
rElec    +         Reflect  .   y - +2 cloak
rCorr    .         Harm     .   (no gloves)
MR       .....                  (no boots)
Stlth    ++........             (no amulet)
Regen    0.3/turn               (no ring)
MPRegen  0.2/turn               (no ring)

@: mighty, infused, very slightly contaminated, slowed, very slow
A: breathe lightning, unfitting armour, antennae 1, stinger 1, clever 1, high mp
1, electricity resistance, wild magic 1, cold-blooded, AC +6
a: Breathe Lightning, Renounce Religion


You were on level 7 of the Dungeon.
You worshipped Makhleb.
Makhleb was aware of your devotion.
You were not hungry.

You visited 2 branches of the dungeon, and saw 8 of its levels.

You collected 318 gold pieces.

Inventory:

Hand Weapons
 a - a +1 mace (weapon)
Missiles
 k - 2 javelins (quivered)
 m - 3 tomahawks
Armour
 y - a +2 cloak (worn)
Jewellery
 z - a +5 ring of intelligence {unknown}
Wands
 o - a wand of flame (16/48)
 q - a wand of disintegration (9/24)
 s - a wand of lightning (2/15)
Scrolls
 c - a scroll of recharging
 d - 5 scrolls of remove curse
 g - 4 scrolls of teleportation
 h - a scroll of magic mapping
 i - 5 scrolls of identify
 p - 2 scrolls of enchant weapon
Potions
 e - 2 potions of mutation
 f - a potion of haste {unknown}
 l - a potion of flight {unknown}
 n - a potion of magic {unknown}
 r - a potion of curing {unknown}
 u - a potion of degeneration {unknown}
 v - a potion of lignification {unknown}
 x - 2 potions of resistance {unknown}
 A - a potion of heal wounds {unknown}
Books
 b - a book of Battle

   Spells                             Type                      Level
   a - Infusion                       Charms                       1
   b - Shroud of Golubria             Charms/Translocation         2
   c - Song of Slaying                Charms                       2
   d - Spectral Weapon                Hexes/Charms                 3
   e - Regeneration                   Charms/Necromancy            3
Comestibles
 t - 3 bread rations
 w - 2 meat rations
 B - 2 chunks of flesh
 C - a royal jelly


   Skills:
 * Level 4.1 Fighting
 + Level 3.7 Maces & Flails
 + Level 0.6 Throwing
 * Level 4.0 Dodging
 + Level 1.9 Stealth
 + Level 4.6 Spellcasting
 + Level 1.0 Hexes
 * Level 5.1 Charms
 + Level 0.2 Necromancy


You had 5 spell levels left.
You knew the following spells:

 Your Spells              Type           Power        Failure   Level  Hunger
a - Infusion              Chrm           ####         3%          1    None
b - Song of Slaying       Chrm           ####....     4%          2    ##.....
c - Spectral Weapon       Hex/Chrm       ###.....     19%         3    ###....
d - Regeneration          Chrm/Necr      ###.......   22%         3    ###....
e - Shroud of Golubria    Chrm/Tloc      ###.......   13%         2    ##.....


Dungeon Overview and Level Annotations

Branches:
Dungeon (7/15)             Temple (1/1) D:6

Altars:
Ashenzari
Cheibriados
Dithmenos
Elyvilon
Fedhas
Gozag
Hepliaklqana
Kikubaaqudgha
Makhleb
Nemelex Xobeh
Okawaru
Qazlal
Ru
Sif Muna
Trog
Uskayaw
Vehumet
Xom
Yredelemnul
Zin
The Shining One

Shops:
D:4 [

Annotations:
D:3 Wanze's ghost, amateur DrHu
D:7 Pikel


Innate Abilities, Weirdness & Mutations

You can breathe wild blasts of lightning.
Your glossy black scales are hard. (AC +6)
You cannot fit into any form of body armour.
You are resistant to electric shocks. (rElec)
You are cold-blooded and may be slowed by cold attacks.
You have a pair of small antennae on your head.
Your tail ends in a poisonous barb.
Your mind is acute. (Int +2)
You have an increased reservoir of magic. (+10% MP)
Your spells are a little harder to cast, but a little more powerful.


Message History

Pikel hits you but does no damage.
You hit Pikel.
Pikel is heavily wounded.
You feel yourself speed up. Pikel barely misses you.
Pikel says, "Slavery isn't that bad."
Pikel hits you with a whip of freezing.
* * * LOW HITPOINT WARNING * * *
Pikel freezes you.
* * * LOW HITPOINT WARNING * * *
Things that are here:
a club; a kobold corpse Your skin stops crawling.
You see here 2 stones.
You hit Pikel!
Pikel is almost dead.
Pikel looks more healthy.
Pikel hits you with a whip of freezing!
* * * LOW HITPOINT WARNING * * *
You feel yourself slow down. Pikel freezes you.
You die...

## .### ...# ##.## ########
##..# #......# ###.#
#############......#
....######.......[..##......#
##.......[).........##......#
.###..####......@K)).....>..#
(# ##.# #.....(...)##......#
.. #.. #......[...##......#
#.# ##.# ##############.#####
.. .. #.# #.# ##. #.# #. #.#
#p# #..


You could see Pikel.

Vanquished Creatures
  A slave (D:7)
  2 ogres
  A centaur (D:7)
  2 big kobolds
  2 bullfrogs (D:6)
  A scorpion (D:7)
  3 howler monkeys
  A bullfrog zombie (D:6)
  A hound (D:7)
  A jelly (D:6)
  3 orc wizards
  A worker ant (D:4)
  A hound skeleton (D:7)
  3 gnolls (D:7)
  8 adders
  2 shadow imps
  An ooze (D:1)
  An adder zombie (D:5)
  A worm (D:3)
  2 dart slugs (D:4)
  6 leopard geckos
  11 orcs
  6 bats
  4 giant cockroaches
  2 goblins
  7 hobgoblins
  8 jackals
  11 kobolds
  2 frilled lizards
  A leopard gecko skeleton (D:4)
  6 rats
102 creatures vanquished.

Notes
Turn   | Place    | Note
-------+----------+-------------------------------------------
     0 | D:1      | Hook the Draconian Skald began the quest for the Orb.
     0 | D:1      | Reached XP level 1. HP: 17/17 MP: 3/3
   180 | D:1      | Reached XP level 2. HP: 24/25 MP: 1/5
   184 | D:1      | Learned a level 2 spell: Song of Slaying
   953 | D:2      | Reached skill level 3 in Charms
   953 | D:2      | Reached XP level 3. HP: 22/30 MP: 0/6
  1324 | D:2      | Learned a level 3 spell: Spectral Weapon
  1953 | D:3      | Reached XP level 4. HP: 30/37 MP: 0/7
  2047 | D:3      | Noticed Wanze's ghost (amateur DrHu)
  2559 | D:3      | Reached XP level 5. HP: 37/44 MP: 3/9
  2907 | D:4      | Found Ilighie's Armour Shop.
  3040 | D:4      | Learned a level 3 spell: Regeneration
  3091 | D:4      | Noticed an ogre
  3100 | D:4      | Killed an ogre
  3100 | D:4      | Reached XP level 6. HP: 30/51 MP: 2/11
  3306 | D:5      | Entered Level 5 of the Dungeon
  3317 | D:5      | Reached skill level 1 in Hexes
  3317 | D:5      | Reached skill level 4 in Charms
  3535 | D:5      | Found a sacrificial altar of Ru.
  3578 | D:5      | Gained mutation: You are agile. (Dex +2) [potion of mutation]
  3578 | D:5      | Gained mutation: You have very sharp teeth. [potion of mutation]
  3578 | D:5      | Gained mutation: You are frail. (-10% HP) [potion of mutation]
  3578 | D:5      | Gained mutation: Your tail ends in a poisonous barb. [potion of mutation]
  3670 | D:5      | Reached skill level 1 in Stealth
  4073 | D:6      | Your scales start taking on a glossy black colour.
  4073 | D:6      | Reached XP level 7. HP: 46/51 MP: 7/13
  4073 | D:6      | Gained mutation: You are resistant to electric shocks. (rElec) [Black Draconian growth]
  4225 | D:6      | Found a staircase to the Ecumenical Temple.
  4263 | Temple   | Entered the Ecumenical Temple
  4564 | Temple   | Became a worshipper of Makhleb the Destroyer
  5050 | D:7      | Learned a level 2 spell: Shroud of Golubria
  5094 | D:7      | Lost mutation: You are frail. (-10% HP) [potion of mutation]
  5094 | D:7      | Lost mutation: You have very sharp teeth. [potion of mutation]
  5094 | D:7      | Lost mutation: You are agile. (Dex +2) [potion of mutation]
  5094 | D:7      | Gained mutation: Your mind is acute. (Int +2) [potion of mutation]
  5094 | D:7      | Gained mutation: Your spells are a little harder to cast, but a little more powerful. [potion of mutation]
  5094 | D:7      | Gained mutation: You have an increased reservoir of magic. (+10% MP) [potion of mutation]
  5094 | D:7      | Gained mutation: You have a pair of small antennae on your head. [potion of mutation]
  5152 | D:7      | Reached skill level 5 in Charms
  5254 | D:7      | Reached XP level 8. HP: 66/66 MP: 12/16
  5294 | D:7      | Reached * piety under Makhleb
  5409 | D:7      | Noticed Pikel
  5427 | D:7      | HP: 3/66 [Pikel/whip of freezing (7)]
  5427 | D:7      | Slain by Pikel

Skill      XL: |  1  2  3  4  5  6  7  8 |
---------------+-------------------------+-----
Charms         | 3 4 5 |  5.1
Spellcasting   | 3 4 |  4.6
Dodging        | 3 4 |  4.0
Fighting       | 3 4 |  4.1
Hexes          | 1 |  1.0
Stealth        | 1 |  1.9
Maces & Flails | 3 |  3.7
Throwing       | |  0.6
Necromancy     | |  0.2

Action                   |  1- 3 |  4- 6 |  7- 9 || total
-------------------------+-------+-------+-------++-------
Melee: Mace              |    74 |   110 |   121 ||   305
       Tailslap          |     1 |    10 |    15 ||    26
       Bite              |       |     1 |    15 ||    16
Throw: Javelin           |     1 |     6 |     6 ||    13
       Tomahawk          |       |       |     4 ||     4
 Cast: Infusion          |    14 |    19 |    11 ||    44
       Spectral Weapon   |     2 |     8 |     2 ||    12
       Song of Slaying   |     1 |     9 |     5 ||    15
       Regeneration      |       |     1 |     2 ||     3
       Shroud of Golubri |       |       |     1 ||     1
  Use: Scroll            |       |    13 |       ||    13
       Potion            |       |     3 |     2 ||     5
 Stab: Sleeping          |       |     3 |     1 ||     4
  Eat: Chunk             |     1 |     3 |     3 ||     7
       Bread ration      |     1 |       |       ||     1
       Royal jelly       |       |     2 |     1 ||     3
Armor: Skin              |    30 |    36 |    63 ||   129
Dodge: Dodged            |    68 |    77 |   116 ||   261
